 Dungeon Crawl Stone Soup version 0.17-a0-2073-gde5cdba (console) character file.

170 endege the Sneak (level 5, 0/34 HPs)
             Began as a Kobold Assassin on Oct 14, 2015.
             Was a Follower of Nemelex Xobeh.
             Slain by a gnoll
             ... wielding a +0 flail
              (6 damage)
             ... on level 3 of the Dungeon.
             The game lasted 00:37:37 (3122 turns).

endege the Sneak (Kobold Assassin)                  Turns: 3122, Time: 00:37:37

Health: 0/34       AC:  3    Str: 11    XL:     5   Next: 80%
Magic:  5/5        EV: 14    Int:  9    God:    Nemelex Xobeh [*.....]
Gold:   189        SH:  0    Dex: 17    Spells: 0 memorised, 4 levels left

rFire  . . .     SeeInvis .     B - +2 dagger (vamp)
rCold  . . .     Clarity  .     c - +0 robe
rNeg   . . .     SustAt   .     (shield restricted)
rPois  .         Gourm    .     (no helmet)
rElec  .         Spirit   .     d - +0 cloak
rCorr  .         Warding  .     (no gloves)
rMut   .         Stasis   .     (no boots)
MR     .....                    (no amulet)
Stlth  ++++......               (no ring)
                                (no ring)

@: not resistant to hostile enchantments, stealthy
A: carnivore 3
a: Renounce Religion


You were on level 3 of the Dungeon.
You worshipped Nemelex Xobeh.
Nemelex Xobeh was aware of your devotion.
You were not hungry.

You visited 1 branch of the dungeon, and saw 3 of its levels.

You collected 189 gold pieces.

Inventory:

Hand Weapons
 a - a +2 dagger
 b - a +0 blowgun
 h - a +0 dagger
 m - a +0 dagger
 o - a +2 mace of draining
 q - a +0 dagger
 w - a +0 dagger
 z - a +0 dagger
 B - a +2 vampiric dagger (weapon)
Missiles
 e - 47 poisoned needles
 f - 2 curare-tipped needles
 k - 22 silver sling bullets
 l - a throwing net (quivered)
 s - 28 bolts
 t - 12 sling bullets
 y - 24 arrows of flame
Armour
 c - a +0 robe (worn)
 d - a +0 cloak (worn)
 i - a +0 leather armour
 D - a +0 leather armour
Scrolls
 j - a scroll of amnesia
 x - a scroll of teleportation {unknown}
 E - a scroll of identify
Potions
 p - a potion of haste
 A - a potion of magic {unknown}
 C - a potion of brilliance {unknown}
Miscellaneous
 r - a plain deck of destruction {drawn: 3}
 u - a plain deck of destruction {drawn: 3}
 v - a plain deck of war {drawn: 3}
Comestibles
 g - 2 meat rations


   Skills:
 + Level 4.4 Fighting
 - Level 2.6 Short Blades
 - Level 2.1 Throwing
 - Level 1.2 Dodging
 + Level 7.6 Stealth


You had 4 spell levels left.
You didn't know any spells.

Dungeon Overview and Level Annotations

Branches:
Dungeon (3/15)

Altars:
Nemelex Xobeh
Ru
Sif Muna


Innate Abilities, Weirdness & Mutations

You are small and have problems with some larger weapons.
You are carnivorous and can eat meat at any time.


Message History

The orb of energy hits the gnoll.
The gnoll is heavily wounded.
The orb of energy explodes!
The mystic blast hits the gnoll.
The gnoll is severely wounded.
The gnoll hits you with a spear.
* * * LOW HITPOINT WARNING * * *
The gnoll closely misses you. The gnoll barely misses you.
The gnoll closely misses you. The gnoll barely misses you.
You hit the gnoll but do no damage.
The gnoll hits you from afar with a spear.
* * * LOW HITPOINT WARNING * * *
You hit the gnoll.
The gnoll is lightly wounded.
The gnoll misses you. x2
You hit the gnoll but do no damage.
The gnoll is lightly wounded.
The gnoll hits you with a flail.
You die...
Your body disappears without a glow.

#.#######.#.# #....#
#.##........#########....##
#......)..................#
####.###..................#
#.# #.#.#####..........#
#.###.#.#######......###
#..........# #..#...#
#####.#.##.# #..#####
#.#@##.####..##
#####.#g##........#
#.....)gg.........##
#.###......#.......##
#.###...............#
....................#
#..###..............# #.
#.....#.)..(..## #
#...............#####


You could see 3 gnolls.

Vanquished Creatures
  Ijyb (D:3)
  A gnoll (D:3)
  6 adders
  A worm (D:3)
  4 giant geckos
  7 orcs (D:3)
  5 giant cockroaches
  6 goblins
  4 hobgoblins
  4 bats
  3 giant newts
  5 kobolds
  A quokka (D:2)
  9 rats
57 creatures vanquished.

Vanquished Creatures (collateral kills)
  A sheep (D:3)
  2 orcs (D:3)
  A goblin (D:3)
  A giant cockroach (D:3)
5 creatures vanquished.

Grand Total: 62 creatures vanquished

Notes
Turn   | Place    | Note
--------------------------------------------------------------
     0 | D:1      | endege the Kobold Assassin began the quest for the Orb.
     0 | D:1      | Reached XP level 1. HP: 12/12 MP: 1/1
   379 | D:1      | Reached XP level 2. HP: 18/18 MP: 2/2
   819 | D:2      | Reached XP level 3. HP: 22/22 MP: 3/3
   839 | D:2      | Reached skill level 6 in Stealth
  1281 | D:2      | Found a sacrificial altar of Ru.
  1549 | D:2      | Found a deep blue altar of Sif Muna.
  1653 | D:2      | Found a faded altar to an unknown god.
  1676 | D:2      | Became a worshipper of Nemelex Xobeh the Trickster
  1676 | D:2      | Received a gift from Nemelex Xobeh
  1676 | D:2      | Received a gift from Nemelex Xobeh
  1676 | D:2      | Reached * piety under Nemelex Xobeh
  1676 | D:2      | Received a gift from Nemelex Xobeh
  1763 | D:3      | Reached XP level 4. HP: 28/28 MP: 4/4
  1826 | D:3      | Noticed Ijyb
  1857 | D:3      | Killed Ijyb
  1857 | D:3      | Reached skill level 7 in Stealth
  1932 | D:3      | Reached XP level 5. HP: 31/33 MP: 5/5
  2584 | D:3      | Received a gift from Nemelex Xobeh
  3122 | D:3      | Slain by a gnoll

Vault maps used:
D:1:      dpeg_arrival_water_temple_mockup, hangedman_decor_peaks_small
D:2:      lemuel_blue_sif_altar, nicolae_ru_path_of_blood, ecumenical_altar_2,
          first_bread
D:3:      lemuel_coloured_pillars_altar, uniq_iyjb

Action                   |  1- 3 |  4- 6 || total
-------------------------+-------+-------++-------
Melee: Dagger            |    45 |   148 ||   193
Evoke: Deck              |     1 |    12 ||    13
  Use: Scroll            |     4 |       ||     4
       Potion            |     3 |       ||     3
 Stab: Sleeping          |    17 |     1 ||    18
  Eat: Chunk             |     1 |     3 ||     4
       Beef jerky        |     1 |     1 ||     2
       Meat ration       |       |     1 ||     1
